Map: Ley Lines

Players

jаedоngstyle

  • Race: Zerg Zerg
  • League: Master
  • Spawn Location: 1:00

Railgan - Winner!

  • Race: Zerg Zerg
  • League: Grandmaster
  • Spawn Location: 7:00

VOD

Have the link to the VOD?

Description

Time

  • Played on: Oct. 25, 2025, 10:14 a.m.
  • Length: 17:40
Show
View Real Time Build Order
Export as new Build Order

jаedоngstyle Zerg 

Build Orders: Hatch First 

Get SALT Encoding   

  12  0:01  Drone  
  13  0:12  Overlord  
  13  0:18  Drone  
  14  0:31  Drone x2  
  16  0:47  Hatchery  
  15  0:50  Drone  
  15  0:54  Drone  
  17  0:57  Drone  
  18  1:09  Extractor  
  17  1:12  Spawning Pool  
  17  1:15  Drone  
  17  1:18  Drone  
  18  1:28  Drone  
  19  1:39  Drone  
  20  1:50  Drone  
  21  1:59  Queen  
  21  2:00  Drone  
  21  2:01  Queen  
  24  2:02  Overlord  
  26  2:10  Drone  
  26  2:11  Drone  
  28  2:23  Drone  
  28  2:24  Drone  
  30  2:32  Overlord  
  30  2:35  Drone  
  31  2:39  Lair  
  31  2:40  Queen  
  33  2:44  Drone  
  33  2:45  Drone  
  33  2:51  Evolution Chamber  
  34  2:56  Drone  
  34  2:57  Drone  
  36  3:04  Overlord  
  36  3:10  Drone x7  
  43  3:18  Roach Warren  
  42  3:26  Overlord  
  42  3:28  Drone  
  42  3:29  Extractor  
  42  3:32  Drone x2  
  44  3:40  Overseer, Spire  
  43  3:42  Overlord  
  43  3:50  Drone x3  
  43  3:51  Extractor  
  43  3:54  Extractor  
  44  4:04  Drone x6  
  50  4:10  Overlord  
  50  4:19  Overlord x2  
  50  4:23  Drone x3  
  53  4:25  Metabolic Boost  
  53  4:33  Roach x3  
  59  4:44  Overlord x2  
  59  4:48  Hatchery  
  59  4:49  Zerg Flyer Armor Level 1, Mutalisk  
  60  4:54  Mutalisk  
  62  5:00  Mutalisk x2  
  66  5:10  Mutalisk  
  68  5:20  Mutalisk  
  70  5:25  Extractor  
  70  5:27  Drone x3  
  72  5:28  Drone x2  
  72  5:29  Drone  
  72  5:30  Extractor  
  72  5:33  Spore Crawler  
  72  5:34  Spore Crawler, Mutalisk  
  74  5:40  Spore Crawler  
  74  5:42  Mutalisk  
  73  5:44  Overlord  
  73  5:45  Overlord  
  73  5:58  Mutalisk x2  
  75  6:06  Zergling x2  
  75  6:07  Zergling x6  
  79  6:14  Overlord  
  79  6:16  Mutalisk x2  
  83  6:29  Drone x2  
  83  6:30  Drone x2  
  87  6:33  Baneling Nest  
  87  6:35  Mutalisk x2  
  90  6:45  Mutalisk x2  
  94  6:48  Drone x6  
  94  6:52  Zerg Flyer Armor Level 2  
  99  7:00  Zergling x16  
  107  7:11  Mutalisk x3  
  107  7:15  Zergling x6  
  116  7:17  Overlord  
  116  7:19  Baneling x2  
  116  7:23  Mutalisk  
  118  7:32  Mutalisk x2  
  122  7:39  Drone x5  
  122  7:41  Overlord  
  122  7:42  Overlord x2  
  125  7:59  Overlord x2  
  125  8:04  Baneling  
  125  8:05  Hatchery, Baneling  
  121  8:06  Mutalisk x4  
  129  8:17  Mutalisk x2  
  133  8:26  Spore Crawler  
  132  8:27  Mutalisk x2  
  132  8:29  Zergling x12  
  132  8:30  Zergling x2  
  132  8:31  Ravager  
  123  8:50  Queen  
  119  8:56  Mutalisk x4  
  125  9:03  Drone  
  125  9:05  Baneling x2  
  125  9:07  Zergling x14  
  133  9:12  Baneling x3  
  133  9:13  Mutalisk  
  135  9:24  Drone  
  135  9:25  Drone x5  
  137  9:31  Mutalisk x2  
  116  9:47  Mutalisk x3  
  122  9:57  Zergling x18  
  123  10:03  Mutalisk  
  123  10:04  Mutalisk  
  111  10:14  Mutalisk  
  111  10:15  Mutalisk  
  102  10:23  Drone x8  
  104  10:29  Mutalisk x2  
  108  10:38  Zergling x2  
  108  10:39  Zergling x6  
  112  10:43  Zergling x2  
  112  10:49  Mutalisk x3  
  119  10:50  Spine Crawler  
  119  10:52  Mutalisk  
  120  11:01  Zergling x2  
  120  11:02  Zergling x10  
  122  11:07  Mutalisk x3  
  128  11:13  Baneling  
  128  11:14  Baneling  
  128  11:18  Mutalisk  
  128  11:21  Zergling x12  
  131  11:33  Zergling x14  
  103  11:53  Mutalisk x5  
  113  11:57  Spore Crawler  
  106  12:08  Baneling x2  
  106  12:09  Mutalisk x3  
  106  12:13  Zergling x12  
  106  12:14  Spore Crawler  
  117  12:22  Zerg Flyer Weapons Level 1, Mutalisk  
  117  12:26  Zergling x10  
  124  12:36  Mutalisk  
  122  12:37  Mutalisk  
  122  12:40  Baneling  
  122  12:55  Mutalisk x3  
  122  13:01  Spine Crawler  
  122  13:02  Mutalisk  
  122  13:04  Zergling x2  
  122  13:05  Zergling x16  
  127  13:22  Drone x7  
  123  13:28  Zergling x8  
  127  13:35  Mutalisk x3  
  133  13:45  Mutalisk x3  
  133  13:50  Zergling x8  
  133  13:54  Zergling x2  
  138  13:58  Zergling x2  
  138  13:59  Queen  
  138  14:02  Drone x2  
  141  14:04  Unknown  
  137  14:14  Zergling x4  
  137  14:15  Zergling x10  
  140  14:21  Mutalisk x2  
  143  14:32  Drone  
  143  14:34  Baneling x3  
  143  14:36  Unknown  
  142  14:43  Zergling x20  
  152  14:48  Mutalisk  
  152  14:51  Mutalisk  
  156  14:54  Baneling x2  
  156  14:59  Mutalisk x2  
  160  15:03  Spore Crawler  
  159  15:08  Overlord  
  140  15:26  Mutalisk  
  140  15:27  Mutalisk x5  
  146  15:34  Zergling x6  
  143  15:46  Zergling x2  
  143  15:47  Zergling x14  
  132  15:54  Drone x3  
  124  16:03  Mutalisk x2  
  109  16:10  Drone x4  
  111  16:14  Mutalisk  
  106  16:37  Drone x3  
  109  16:40  Baneling x2  
  108  16:48  Mutalisk  
  108  16:49  Mutalisk x4  
  118  16:56  Mutalisk x2  
  122  17:01  Baneling x2  
  122  17:03  Zergling x6  
  121  17:11  Mutalisk  
  121  17:12  Mutalisk  
Show
View Real Time Build Order
Export as new Build Order

Railgan Zerg - Winner!

Build Orders: Hatch First 

Get SALT Encoding   

  12  0:00  Drone  
  13  0:12  Overlord  
  13  0:16  Drone  
  14  0:31  Drone x2  
  16  0:46  Hatchery  
  15  0:50  Drone  
  15  0:53  Drone  
  15  0:56  Drone  
  18  1:06  Extractor  
  17  1:12  Spawning Pool  
  17  1:15  Drone  
  17  1:17  Drone  
  18  1:32  Drone  
  19  1:52  Drone x2  
  21  1:59  Queen x2  
  21  2:01  Drone, Zergling x2  
  27  2:09  Overlord  
  27  2:10  Drone  
  27  2:12  Metabolic Boost  
  28  2:28  Drone x2  
  28  2:29  Spine Crawler  
  29  2:30  Drone  
  29  2:32  Drone  
  31  2:41  Drone  
  33  2:44  Drone  
  32  2:55  Drone x2  
  32  2:56  Lair  
  34  3:03  Overlord  
  34  3:05  Zergling x2  
  34  3:09  Evolution Chamber  
  34  3:11  Drone  
  34  3:12  Drone  
  36  3:13  Overlord  
  36  3:14  Extractor  
  36  3:15  Drone  
  36  3:18  Extractor  
  35  3:21  Baneling Nest  
  35  3:24  Drone  
  35  3:25  Drone x3  
  38  3:30  Zergling x2  
  39  3:36  Drone  
  39  3:39  Extractor  
  39  3:41  Drone  
  39  3:42  Drone  
  39  3:43  Drone  
  39  3:44  Zergling x2  
  39  3:45  Zerg Melee Weapons Level 1  
  39  3:46  Drone x2  
  45  3:49  Drone  
  46  3:56  Overlord  
  46  3:57  Drone  
  47  4:05  Spire  
  47  4:08  Drone x2  
  48  4:11  Drone  
  49  4:20  Drone  
  49  4:21  Drone x5  
  55  4:29  Spine Crawler  
  54  4:32  Spine Crawler  
  53  4:39  Overlord  
  53  4:41  Overlord  
  53  4:42  Spine Crawler  
  53  4:44  Zergling x4  
  54  4:50  Zergling x2  
  54  4:51  Zergling x2  
  56  4:53  Zergling x4  
  56  4:58  Spine Crawler  
  56  5:11  Mutalisk x5  
  66  5:15  Mutalisk  
  66  5:16  Mutalisk  
  70  5:26  Drone x2  
  73  5:37  Hatchery  
  73  5:38  Overlord  
  72  5:46  Mutalisk x2  
  71  5:59  Mutalisk  
  71  6:00  Mutalisk  
  71  6:02  Zergling x10  
  77  6:07  Overlord  
  77  6:12  Mutalisk x2  
  77  6:16  Overlord  
  77  6:17  Extractor  
  80  6:18  Zerg Flyer Armor Level 1  
  80  6:19  Overlord  
  80  6:21  Extractor  
  80  6:24  Overlord  
  79  6:26  Mutalisk  
  79  6:31  Zergling x2  
  82  6:35  Drone  
  83  6:44  Mutalisk  
  83  6:45  Mutalisk  
  85  6:48  Zergling x4  
  87  6:56  Mutalisk x2  
  87  6:58  Drone  
  87  7:00  Queen  
  94  7:06  Mutalisk  
  94  7:08  Zergling x6  
  98  7:09  Drone  
  98  7:10  Drone x4  
  98  7:15  Overlord  
  103  7:16  Zergling x2  
  103  7:21  Mutalisk  
  103  7:22  Mutalisk  
  108  7:28  Drone  
  109  7:30  Mutalisk  
  109  7:35  Zergling x2  
  112  7:37  Mutalisk  
  114  7:46  Zergling x2  
  114  7:47  Zergling x12  
  121  8:01  Overlord x2, Drone  
  121  8:12  Overlord  
  121  8:13  Zerg Flyer Armor Level 2  
  121  8:14  Hatchery  
  120  8:20  Mutalisk  
  120  8:21  Mutalisk  
  124  8:29  Zergling x2  
  124  8:30  Mutalisk x2  
  129  8:41  Mutalisk x4  
  129  8:45  Zergling x2  
  129  8:46  Mutalisk  
  123  8:49  Mutalisk  
  123  8:52  Mutalisk  
  126  8:56  Mutalisk  
  126  9:00  Mutalisk  
  131  9:02  Zergling x2  
  131  9:03  Zergling x4  
  131  9:05  Zergling x2  
  134  9:10  Mutalisk  
  136  9:17  Overlord  
  136  9:20  Mutalisk  
  136  9:29  Mutalisk x3  
  126  9:42  Mutalisk x2  
  117  9:45  Zergling x2  
  117  9:46  Zergling x18  
  117  9:48  Drone  
  121  10:00  Mutalisk  
  121  10:01  Mutalisk x2  
  113  10:12  Mutalisk x2  
  103  10:16  Zergling x2  
  103  10:17  Zergling x14  
  103  10:21  Drone x2  
  103  10:25  Mutalisk  
  107  10:28  Drone  
  107  10:29  Drone  
  107  10:33  Mutalisk x2  
  114  10:42  Zergling x2  
  114  10:43  Zergling x4  
  114  10:49  Mutalisk x2  
  116  10:50  Mutalisk  
  116  10:55  Zergling x4  
  124  11:02  Mutalisk  
  126  11:07  Zerg Flyer Weapons Level 1  
  126  11:08  Drone x2  
  127  11:14  Drone x3  
  127  11:15  Baneling x2, Mutalisk  
  132  11:18  Drone  
  132  11:19  Drone  
  132  11:20  Zergling x2  
  132  11:21  Extractor, Zergling x2  
  132  11:22  Drone  
  132  11:23  Extractor  
  131  11:33  Zergling x2  
  131  11:35  Mutalisk  
  131  11:36  Mutalisk x3  
  108  11:48  Mutalisk x2  
  108  11:51  Zergling x2  
  108  11:52  Drone x2  
  108  11:53  Drone x4  
  117  12:00  Zergling x4  
  119  12:01  Zergling x2  
  119  12:06  Mutalisk  
  122  12:08  Mutalisk  
  122  12:09  Mutalisk  
  126  12:19  Mutalisk x2  
  126  12:21  Zergling x4  
  126  12:22  Hatchery, Zergling x2  
  132  12:27  Spore Crawler, Mutalisk  
  133  12:34  Zergling x2  
  133  12:35  Zergling x14  
  136  12:45  Mutalisk x2  
  136  12:46  Mutalisk  
  136  12:51  Queen  
  136  12:55  Mutalisk  
  136  12:56  Mutalisk  
  141  13:03  Mutalisk  
  143  13:14  Overlord  
  143  13:15  Overlord  
  143  13:22  Hatchery  
  143  13:25  Hatchery  
  143  13:26  Mutalisk  
  129  13:27  Mutalisk x3  
  129  13:30  Zergling x2  
  136  13:34  Zerg Flyer Weapons Level 2  
  136  13:36  Zergling x10  
  136  13:39  Zergling x4  
  136  13:41  Zergling x2  
  142  13:50  Mutalisk x3  
  142  13:54  Zergling x2  
  149  13:58  Mutalisk  
  151  14:02  Mutalisk  
  151  14:05  Zergling x2  
  152  14:14  Mutalisk  
  154  14:22  Overlord  
  154  14:23  Overlord x2  
  154  14:39  Zergling x10  
  154  14:40  Zergling x4, Mutalisk  
  154  14:41  Mutalisk x4  
  154  14:43  Zergling x2  
  173  14:45  Zergling x2  
  173  14:46  Zergling x2  
  173  14:49  Zergling x2  
  173  14:50  Mutalisk  
  177  14:53  Baneling  
  177  14:54  Baneling x6  
  177  14:55  Baneling  
  177  14:56  Zergling x2  
  178  15:00  Zergling x4  
  178  15:06  Zergling x2  
  178  15:07  Zergling x2  
  182  15:11  Zergling x4  
  177  15:24  Zergling x4  
  177  15:25  Zergling x24  
  180  15:31  Spore Crawler  
  180  15:35  Drone  
  180  15:36  Spore Crawler, Drone  
  180  15:40  Spore Crawler  
  160  15:50  Mutalisk  
  160  15:51  Mutalisk x4  
  155  16:00  Mutalisk x3  
  151  16:09  Mutalisk x3  
  153  16:11  Zergling x2  
  153  16:12  Zergling x4  
  153  16:15  Zergling x2  
  153  16:23  Mutalisk x4  
  161  16:29  Mutalisk x2  
  165  16:33  Mutalisk  
  166  16:41  Zergling x6  
  167  16:50  Mutalisk x5  
  176  16:57  Mutalisk  
  176  16:58  Mutalisk  
  176  16:59  Zergling x2  
  181  17:02  Zergling x4  
  183  17:10  Zergling x2  
  183  17:11  Zergling x2  
  185  17:15  Zergling x4  
  185  17:16  Mutalisk  
Tags
 
Add a new tag
Caveats
  • Supply blocks, unpowered buildings, or Contaminate may cause inaccurate times.
  • Supply counts are checked every 10 seconds.